 Dungeon Crawl Stone Soup version 0.28.0 (webtiles) character file.

Game seed: 10260655392772010207

89 Crownlay the Skirmisher (level 4, -2/38 HPs)
             Began as a Demonspawn Chaos Knight on Feb 17, 2022.
             Was a Plaything of Xom.
             Slain by an orc (9 damage)
             ... on level 3 of the Dungeon.
             The game lasted 00:03:46 (2248 turns).

Crownlay the Skirmisher (Demonspawn Chaos Knight)   Turns: 2248, Time: 00:03:47

Health: -2/38      AC:  8    Str: 15    XL:     4   Next: 31%
Magic:  4/4        EV: 11    Int: 13    God:    Xom [..*...]
Gold:   76         SH:  0    Dex: 18    Spells: 3/3 levels left

rFire   . . .      SeeInvis .   a - +0 hand axe (chaos)
rCold   . . .      Faith    .   (no shield)
rNeg    . . .      Spirit   .   b - +2 leather armour
rPois   .          Reflect  .   (no helmet)
rElec   .          Harm     .   l - +0 cloak {Stlth+}
rCorr   .          Rampage  .   q - +1 pair of gloves {hurl}
Will    .....                   (no boots)
Stlth   ++........              (no amulet)
HPRegen 0.12/turn               o - +6 ring of dexterity
MPRegen 0.09/turn               (no ring)

@: no status effects
A: claws 1, demonic guardian 1, powered by death 1
a: Renounce Religion


You were on level 3 of the Dungeon.
You worshipped Xom.
You were a toy of Xom.
You visited 1 branch of the dungeon, and saw 3 of its levels.

You collected 76 gold pieces.

Inventory:

Hand Weapons
 a - a +0 hand axe of chaos (weapon)
 e - a +0 hand axe of flaming
Missiles
 m - 2 boomerangs (quivered)
Armour
 b - a +2 leather armour (worn)
 l - a +0 cloak of stealth (worn)
 q - a +1 pair of gloves of hurling (worn)
Jewellery
 g - an amulet of magic regeneration
 o - a +6 ring of dexterity (left hand)
Scrolls
 c - 2 scrolls of identify {unknown}
 d - a scroll of enchant armour {unknown}
 h - a scroll of fog {unknown}
 i - a scroll of noise {unknown}
 k - a scroll of teleportation {unknown}
 n - 2 scrolls of blinking {unknown}
 p - 2 scrolls of immolation {unknown}
Potions
 f - a potion of ambrosia {unknown}
 j - a potion of magic {unknown}


   Skills:
 * Level 4.6 Fighting
 + Level 3.4 Axes
 - Level 1.7 Armour
 - Level 0.8 Dodging


You had 3 spell levels left.
You didn't know any spells.
Your spell library was empty.

Dungeon Overview and Level Annotations

Branches:
Dungeon (3/15)

Altars:
Dithmenos
Sif Muna
Xom
Yredelemnul

Shops:
D:2 [[[[(


Innate Abilities, Weirdness & Mutations

You have sharp fingernails.
A weak demonic guardian rushes to your aid.
You regenerate a little health from kills.


Message History

You kill the orc!
The orc hits you from afar with a +0 trident.
The orc closely misses you.
Things that are here:
a +0 flail of protection; a +0 leather armour You slash the orc!
The orc is severely wounded.
The orc misses you. The orc hits you with a +0 trident.
You hit the orc.
The orc goes berserk!
The orc is almost dead.
The orc hits you with a +0 trident.
You closely miss the orc.
The orc is almost dead.
The orc hits you with a +0 trident. The orc barely misses you.
You barely miss the orc.
The orc is almost dead.
The orc hits you from afar with a +0 trident.
A demonic guardian appears!
You are too injured to fight recklessly!
You are too injured to fight recklessly!
You are too injured to fight recklessly!
You are too injured to fight recklessly!
You closely miss the orc. The orc closely misses you.
The orc hits you with a +0 flail.
You hit the orc but do no damage.
The orc is poisoned.
The orc barely misses you. The orc hits you but does no damage.
The orc hits you from afar with a +0 trident.
You hit the orc but do no damage.
The orc is heavily wounded.
The orc closely misses you. The orc barely misses you.
You hit the orc but do no damage.
The orc is heavily wounded.
The orc misses you. The orc closely misses you. x2
You hit the orc. Lightning courses through the orc!
You kill the orc!
The orc hits you from afar with a +0 trident!
* * * LOW HITPOINT WARNING * * *
A demonic guardian appears!
The orc hits you from afar with a +0 trident!
You die...

...###### #.#
....... ##.#
........ ...
#######. #.#
#.###############
#................
#5#########...###
##.#####.######
##..#
....oo)@5.....#
#..#
##.#####.######
##># #.# ### #..
#.## ..# #.# .#


You could see 2 orcs, a friendly quasit (summoned) and a friendly shadow imp
(summoned).

Vanquished Creatures
  3 adders
  2 worms (D:2)
  A dart slug (D:1)
  3 orcs
  12 ball pythons
  6 bats
  4 endoplasms
  A giant cockroach (D:1)
  3 goblins (D:1)
  3 hobgoblins
  4 jackals (D:1)
  4 kobolds
  A quokka (D:3)
  2 frilled lizards
  4 rats
53 creatures vanquished.

Notes
Turn   | Place    | Note
-------+----------+-------------------------------------------
     0 | D:1      | Crownlay the Demonspawn Chaos Knight began the quest for
                  | the Orb.
     0 | D:1      | Reached XP level 1. HP: 18/18 MP: 1/1
   104 | D:1      | Found a faded altar of an unknown god.
   117 | D:1      | Gained mutation: A weak demonic guardian rushes to your
                  | aid. [demonic ancestry]
   117 | D:1      | Reached XP level 2. HP: 9/24 MP: 2/2
   388 | D:1      | XOM: silly message
   792 | D:1      | Gained mutation: You have sharp fingernails. [demonic
                  | ancestry]
   792 | D:1      | Reached XP level 3. HP: 28/30 MP: 3/3
   842 | D:2      | Reached skill level 4 in Fighting
  1128 | D:2      | Found a basalt altar of Yredelemnul.
  1131 | D:2      | XOM: silly message
  1137 | D:2      | Found Tolits's Antique Armour Shoppe.
  1189 | D:2      | XOM: confuse monster(s)
  1481 | D:2      | Found Maweureh's Antique Armour Shop.
  1488 | D:2      | Found Guqosysk's Armour Shoppe.
  1528 | D:2      | Found Giano's Antique Armour Shoppe.
  1820 | D:2      | Found Miogyoc's Weapon Shop.
  1848 | D:2      | Gained mutation: You regenerate a little health from kills.
                  | [demonic ancestry]
  1848 | D:2      | Reached XP level 4. HP: 29/38 MP: 4/4
  1968 | D:3      | Found a shimmering blue altar of Sif Muna.
  1988 | D:3      | Found a shimmering altar of Xom.
  2043 | D:3      | Found a shadowy altar of Dithmenos.
  2248 | D:3      | Slain by an orc

Illustrated notes

Levels and vault maps discovered:
D:1:      dpeg_arrival_tiny_f, layout_basic,
          hellmonk_ecumenical_altar_pennies_from_heaven,
          amcnicky_mini_pool_small
D:2:      layout_loops_ring, serial_shops, nicolae_shop_hallway_stairs,
          nicolae_shop_stone, nicolae_square_shop, shop,
          nicolae_shop_temple_entry_statues_fountains, basic_altar
D:3:      minmay_razor_zed, layout_basic, nicolae_dithmenos_the_darkroom,
          cheibrodos_worm_habitat, lemuel_doored_altar,
          overflow_temple_1_default, uniq_robin

Skill      XL: |  1  2  3 |
---------------+----------+-----
Axes           | 3 |  3.4
Fighting       | 4 |  4.6
Armour         | |  1.7
Dodging        | |  0.8

Action                   |  1- 3 |  4- 6 || total
-------------------------+-------+-------++-------
Melee: Hand axe          |   103 |    32 ||   135
       Punch             |       |     1 ||     1
Throw: Boomerang         |       |     4 ||     4
 Stab: Petrifying        |       |     1 ||     1
       Petrified         |       |     1 ||     1
Armor: Leather armour    |    44 |    12 ||    56
Dodge: Dodged            |    70 |    20 ||    90
